 Dungeon Crawl Stone Soup version 0.26-a0-663-g36e8fdb655 (webtiles) character file.

Game seed: 13271702746354411319

15250 somkeydreadnuts the Cleaver (level 11, 0/100 HPs)
             Began as a Deep Dwarf Fighter on Oct 13, 2020.
             Was an Elder of Makhleb.
             Slain by an orc knight
             ... wielding a +2 vorpal long sword
              (12 damage)
             ... on level 2 of the Orcish Mines.
             The game lasted 01:35:04 (12206 turns).

somkeydreadnuts the Cleaver (Deep Dwarf Fighter)   Turns: 12206, Time: 01:35:05

Health: 0/100      AC:  7    Str: 24    XL:     11   Next: 99%
Magic:  0/9        EV: 14    Int: 10    God:    Makhleb [****..]
Gold:   1088       SH: 13    Dex: 12    Spells: 10/10 levels left

rFire    . . .     SeeInvis .   q - +5 hand axe (vamp)
rCold    . . .     Faith    .   c - +1 kite shield
rNeg     . . .     Spirit   +   i - +0 troll leather armour
rPois    .         Reflect  .   s - +2 hat
rElec    .         Harm     .   (no cloak)
rCorr    .         Rampage  .   (no gloves)
MR       +....     Rnd*Rage +   (no boots) Stlth ++........Rnd*Tele +
                                w - amulet of guardian spirit
HPRegen  0.00/turn              (no ring)
MPRegen  0.11/turn              (no ring)

@: non-regenerating
A: damage resistance, heal wounds, claws 1, berserk 1, sense surroundings 2,
strong 1, teleportitis 1, wild magic 1, no regeneration
a: Heal Wounds, Minor Destruction, Lesser Servant of Makhleb, Major Destruction,
Renounce Religion


You were on level 2 of the Orcish Mines.
You worshipped Makhleb.
Makhleb was greatly pleased with you.
You visited 3 branches of the dungeon, and saw 14 of its levels.
You also visited: Sewer and Ossuary.

You collected 1088 gold pieces.

Inventory:

Hand Weapons
 a - a +0 war axe
 q - a +5 vampiric hand axe (weapon)
Missiles
 r - 190 arrows
Armour
 b - a +0 scale mail
 c - a +1 kite shield (worn)
 i - a +0 troll leather armour (worn)
 s - a +2 hat (worn)
Jewellery
 v - an uncursed ring of teleportation
 w - an amulet of guardian spirit (around neck)
Wands
 y - a wand of random effects (43)
 D - a wand of iceblast (6)
 E - a wand of acid (15)
 F - a wand of flame (33)
Scrolls
 e - 4 scrolls of amnesia
 f - 5 scrolls of identify
 h - a scroll of enchant armour
 j - 8 scrolls of remove curse
 n - 11 scrolls of teleportation
 p - a scroll of magic mapping
Potions
 d - a potion of might
 g - 5 potions of haste
 k - a potion of resistance
 m - a potion of lignification
 t - 2 potions of magic
 x - a potion of mutation
 z - 5 potions of flight
 A - 4 potions of brilliance
 B - a potion of curing


   Skills:
 + Level 7.5 Fighting
 + Level 12.8 Axes
 + Level 9.1 Armour
 + Level 6.6 Dodging
 + Level 3.4 Stealth
 + Level 10.5 Shields
 + Level 0.7 Invocations
 + Level 0.6 Evocations


You had 10 spell levels left.
You didn't know any spells.
Your spell library contained the following spells:

 Spells                   Type           Power        Failure   Level
 Apportation              Tloc           #.....       67%         1
 Corona                   Hex            #......      67%         1
 Corpse Rot               Necr/Air       N/A          82%         2
 Ensorcelled Hibernation  Hex/Ice        #.....       82%         2
 Swiftness                Air            #.......     82%         2
 Confusing Touch          Hex            #.......     95%         3
 Dazzling Flash           Conj/Hex       #.....       95%         3
 Lesser Beckoning         Tloc           #.........   95%         3
 Tukima's Dance           Hex            #.......     95%         3
 Alistair's Intoxication  Tmut/Pois      #........    100%        5
 Silence                  Hex/Air        #.........   100%        5
 Invisibility             Hex            #.......     100%        6


Dungeon Overview and Level Annotations

Branches:
Dungeon (11/15)            Temple (1/1) D:6            Lair (0/6) D:9
    Orc (2/2) D:9             Elf (0/3) Orc:2         Sewer (visited)
Ossuary (visited)

Altars:
Ashenzari
Cheibriados
Dithmenos
Elyvilon
Fedhas
Gozag
Hepliaklqana
Kikubaaqudgha
Makhleb
Nemelex Xobeh
Okawaru
Qazlal
Ru
Sif Muna
Trog
Uskayaw
Vehumet
Wu Jian
Xom
Yredelemnul
Zin
The Shining One


Innate Abilities, Weirdness & Mutations

You are resistant to damage.
You can heal yourself by infusing magical energy.
You passively map the area around you.
You do not regenerate.
You have sharp fingernails.
You tend to lose your temper in combat.
Your muscles are strong. (Str +2)
You are occasionally teleported next to monsters.
Your spells are a little harder to cast, but a little more powerful.


Message History

You hit the orc knight.
You feel better.
The orc knight hits you with a cursed -1 war axe!!
* * * LOW HITPOINT WARNING * * *
You block the orc warrior's attack.
The orc knight roars a battlecry!
The orc warrior goes into a battle-frenzy!
The orc knight misses you.
The orc warrior hits you from afar with a +0 trident!
* * * LOW HITPOINT WARNING * * *
The orc knight hits you but does no damage.
The orc knight roars a battlecry!
The orc knight goes into a battle-frenzy!
The orc knight hits you with a +2 vorpal long sword!
* * * LOW HITPOINT WARNING * * *
x2 You feel much better.
The orc knight no longer looks unusually strong.
The orc warrior hits you from afar with a +0 trident!!
* * * LOW HITPOINT WARNING * * *
The orc knight hits you with a +2 vorpal long sword!
You die...

#.............##......#..........
..............# #.....#..........
#........##...###................
#.........#....##................
..............##..).....#........
...............##)#..............
..................)#.............
#.#.....................∩........
...#......#.....@oo..............
................#o..............#
.................................
...............##...............#
..............##............#...#
.................................
.......))...#..#..#..............
.....)..........####.............
....)<..)......####..............


You could see 2 orc knights and an orc warrior (strong).

Vanquished Creatures
  A two-headed ogre (D:9)
  2 orc knights (Orc:2)
  An orc sorcerer (Orc:1)
  An ugly thing (D:11)
  2 guardian serpents (D:11)
  Joseph (D:7)
  An elephant (D:9)
  A gargoyle (D:11)
  5 trolls
  A hornet (D:8)
  11 yaks
  2 wyverns
  Eustachio (D:5)
  2 wargs (Orc:2)
  A water moccasin (D:9)
  4 black bears
  4 ice beasts
  A sky beast (D:8)
  13 orc warriors
  An eye of draining (D:9)
  2 phantoms
  9 ogres
  8 centaurs
  6 bullfrogs
  4 big kobolds
  4 gnoll sergeants (D:9)
  A wyvern zombie (D:10)
  A wyvern skeleton (D:10)
  A scorpion (D:9)
  13 killer bees
  13 wights
  2 howler monkeys
  A crimson imp (D:8)
  A bullfrog skeleton (D:4)
  4 jellies
  8 orc priests
  4 hounds
  16 orc wizards
  2 centaur skeletons
  2 iguanas
  3 worker ants
  A killer bee zombie (D:7)
  8 big kobold zombies (Ossuary)
  A mummy (Ossuary)
  A hound zombie (D:9)
  14 gnolls
  11 adders
  2 howler monkey skeletons
  A shadow imp (D:5)
  3 white imps
  An ufetubus (D:9)
  2 oozes
  An adder zombie (D:6)
  An adder skeleton (D:6)
  5 worms
  5 leopard geckos
  52 orcs
  6 spectral bats (Ossuary)
  4 ball pythons
  21 bats
  8 giant cockroaches
  4 gnoll zombies (Ossuary)
  4 goblins
  6 hobgoblins
  12 jackals
  13 kobolds
  6 quokkas
  2 bat simulacra (Ossuary)
  7 frilled lizards
  4 goblin simulacra (Ossuary)
  4 goblin zombies (Ossuary)
  8 hobgoblin zombies (Ossuary)
  4 kobold simulacra (Ossuary)
  4 kobold zombies (Ossuary)
  A leopard gecko zombie (D:7)
  2 orc zombies (Ossuary)
  3 quokka skeletons
  15 rats
  3 rat simulacra (Ossuary)
  4 spectral goblins (Ossuary)
  3 spectral kobolds (Ossuary)
418 creatures vanquished.

Vanquished Creatures (others)
  An orc wizard (D:9)
  A jackal skeleton (D:6)
2 creatures vanquished.

Grand Total: 420 creatures vanquished

Notes
Turn   | Place    | Note
-------+----------+-------------------------------------------
     0 | D:1      | somkeydreadnuts the Deep Dwarf Fighter began the quest for
                  | the Orb.
     0 | D:1      | Reached XP level 1. HP: 20/20 MP: 1/1
   147 | D:1      | Found an iron altar of Okawaru.
   159 | D:1      | Reached XP level 2. HP: 24/27 MP: 2/2
   833 | D:2      | Reached skill level 3 in Axes
   877 | D:2      | Reached XP level 3. HP: 27/33 MP: 3/3
  1006 | D:2      | Found an opulent altar of Gozag.
  1295 | D:2      | Reached XP level 4. HP: 23/42 MP: 4/4
  2183 | D:3      | Reached skill level 4 in Axes
  2277 | D:3      | Reached skill level 1 in Dodging
  2277 | D:3      | Reached XP level 5. HP: 49/49 MP: 5/5
  2798 | D:4      | Noticed an ogre
  2805 | D:4      | Killed an ogre
  2805 | D:4      | Reached XP level 6. HP: 39/56 MP: 6/6
  2848 | D:4      | Reached skill level 5 in Axes
  2853 | D:4      | Found a bloodstained altar of Trog.
  3008 | D:4      | Reached skill level 5 in Shields
  3062 | D:4      | Found a glowing golden altar of the Shining One.
  3160 | D:4      | Reached XP level 7. HP: 45/62 MP: 0/7
  3221 | D:4      | Found an ancient bone altar of Kikubaaqudgha.
  3276 | D:5      | Entered Level 5 of the Dungeon
  3276 | D:5      | Noticed Eustachio
  3317 | D:5      | Killed Eustachio
  3353 | D:5      | Found a glowing drain.
  3357 | Sewer    | Entered a sewer
  3751 | D:5      | Reached skill level 5 in Armour
  3828 | D:5      | Reached skill level 6 in Axes
  3855 | D:5      | Found a shadowy altar of Dithmenos.
  4136 | D:5      | Reached XP level 8. HP: 62/72 MP: 0/8
  4320 | D:6      | Found a sand-covered staircase.
  4373 | D:6      | Found an ornate altar of the Wu Jian Council.
  4467 | D:6      | Found a staircase to the Ecumenical Temple.
  4497 | D:6      | Found a stormy altar of Qazlal.
  4498 | D:6      | Noticed an air elemental
  4534 | D:6      | Reached skill level 7 in Axes
  4548 | D:6      | Found a sparkling altar of Nemelex Xobeh.
  4943 | Ossuary  | Entered an ossuary
  5288 | Ossuary  | Reached skill level 1 in Stealth
  5676 | Temple   | Entered the Ecumenical Temple
  6088 | D:7      | Found a hazy altar of Hepliaklqana.
  6233 | D:7      | Noticed Joseph
  6254 | D:7      | Killed Joseph
  6254 | D:7      | Reached skill level 8 in Axes
  6254 | D:7      | Gained mutation: You passively map the area around you.
                  | [Deep Dwarf growth]
  6254 | D:7      | Reached XP level 9. HP: 67/79 MP: 3/8
  6444 | D:7      | Gained mutation: You have sharp fingernails. [potion of
                  | mutation]
  6444 | D:7      | Gained mutation: Scrolls take you a little longer to read.
                  | [potion of mutation]
  6444 | D:7      | Gained mutation: You possess an exceptional clarity of
                  | mind. [potion of mutation]
  6496 | D:7      | Lost mutation: You possess an exceptional clarity of mind.
                  | [potion of mutation]
  6496 | D:7      | Lost mutation: Scrolls take you a little longer to read.
                  | [potion of mutation]
  6496 | D:7      | Gained mutation: Your muscles are strong. (Str +2) [potion
                  | of mutation]
  6496 | D:7      | Gained mutation: You are occasionally teleported next to
                  | monsters. [potion of mutation]
  6496 | D:7      | Gained mutation: You tend to lose your temper in combat.
                  | [potion of mutation]
  6496 | D:7      | Gained mutation: Your spells are a little harder to cast,
                  | but a little more powerful. [potion of mutation]
  6539 | D:7      | Noticed a +0 hand axe
  6539 | D:7      | Noticed a +0 hand axe
  6540 | D:7      | Found a hide-covered altar of Uskayaw.
  6793 | D:7      | Found a snail-covered altar of Cheibriados.
  7220 | Temple   | Became a worshipper of Ru the Awakened
  7416 | D:8      | Reached skill level 5 in Fighting
  7469 | D:8      | Reached skill level 9 in Axes
  7753 | D:8      | Found a burning altar of Makhleb.
  7753 | D:8      | Found a shimmering altar of Xom.
  7777 | D:8      | Fell from the grace of Ru
  7777 | D:8      | Became a worshipper of Makhleb the Destroyer
  8228 | D:9      | Noticed a troll
  8249 | D:9      | Killed a troll
  8249 | D:9      | Reached skill level 10 in Axes
  8264 | D:9      | Noticed a two-headed ogre
  8271 | D:9      | Killed a two-headed ogre
  8271 | D:9      | Reached XP level 10. HP: 63/91 MP: 0/9
  8410 | D:9      | Reached * piety under Makhleb
  8480 | D:9      | Noticed an elephant
  8510 | D:9      | Found a staircase to the Lair.
  8517 | D:9      | Killed an elephant
  8526 | D:9      | Reached skill level 11 in Axes
  8551 | D:9      | Reached skill level 5 in Dodging
  9052 | D:9      | Found a staircase to the Orcish Mines.
  9117 | D:9      | Reached ** piety under Makhleb
  9121 | D:9      | Reached XP level 11. HP: 99/99 MP: 0/10
  9324 | D:10     | Entered Level 10 of the Dungeon
 10268 | D:11     | Noticed a red ugly thing
 10295 | D:11     | Killed a red ugly thing
 10322 | D:11     | Reached *** piety under Makhleb
 10322 | D:11     | Reached skill level 12 in Axes
 10855 | D:11     | Reached skill level 10 in Shields
 10862 | D:11     | Identified Gokkaor's Compendium of Gliding Execration
 11566 | Orc:1    | Entered Level 1 of the Orcish Mines
 11617 | Orc:2    | Entered Level 2 of the Orcish Mines
 11617 | Orc:2    | Noticed an orc sorcerer
 11641 | Orc:1    | Killed an orc sorcerer
 11695 | Orc:2    | Found a staircase to the Elven Halls.
 11821 | Orc:2    | Found a gate leading to a gauntlet.
 11828 | Orc:2    | Noticed an orc knight
 11858 | Orc:2    | HP: 3/100 [orc knight/+2 glaive of flaming (5)]
 11875 | Orc:2    | Killed an orc knight
 12014 | Orc:2    | Noticed an orc knight
 12050 | Orc:2    | HP: 5/100 [something/magic dart (5)]
 12084 | Orc:2    | Killed an orc knight
 12084 | Orc:2    | Reached **** piety under Makhleb
 12121 | Orc:2    | Noticed an orc high priest
 12147 | Orc:2    | Noticed an orc knight
 12156 | Orc:2    | Noticed an orc knight
 12206 | Orc:2    | Slain by an orc knight

Illustrated notes

Levels and vault maps discovered:
D:1:      minmay_arrival_stone_box, layout_basic, okawaru_ov_weapons_minmay
D:2:      minmay_spotlight, layout_basic, overflow_temple_1_default
D:3:      minmay_door_path, layout_basic
D:4:      layout_basic, kennysheep_mini_moat, tso_metal_star,
          minmay_fountain_box, bloody_trog
D:5:      layout_loops_cross, kennysheep_mini, gup_sewer_entry_bowl,
          uniq_eustachio
D:6:      layout_cave_pods, nicolae_qazlal_style_of_elements, marbit_many_paths,
          old_standard_altar, temple_pool_b,
          nicolae_ossuary_entry_false_entrances, st_stairs_12,
          lemuel_old_faithful
D:7:      layout_basic, cheibriados_altar_1, old_standard_altar,
          dancing_weapons_uskayaw, eino_jars, uniq_joseph
D:8:      layout_basic, grunt_temple_overflow_champion_of_chaos
D:9:      layout_loops_cross, david_lair_generic,
          kennysheep_orc_monster_closet_entryway, lemuel_flamethrower_2
D:10:     layout_layer_cave, abandoned_shop
D:11:     nrook_guardian_serpent_snake_passage, layout_basic
Temple:   cyrus_temple_forest
Orc:1:    cheibrodos_orc_bank, layout_diamond_mine
Orc:2:    grunt_orc_tribal_feast, layout_caves, gauntlet_entry_generic

Skill      XL: |  1  2  3  4  5  6  7  8  9 10 11 |
---------------+----------------------------------+-----
Axes           | 3 4 5 6 8 10 11 12 | 12.8
Fighting       | 3 4 5 6 7 |  7.5
Shields        | 4 5 6 7 8 9 10 | 10.5
Armour         | 4 5 6 7 8 9 |  9.1
Dodging        | 1 2 3 4 5 6 |  6.6
Stealth        | 1 2 3 |  3.4
Invocations    | |  0.7
Evocations     | |  0.6

Action                   |  1- 3 |  4- 6 |  7- 9 | 10-12 || total
-------------------------+-------+-------+-------+-------++-------
Melee: War axe           |   167 |    22 |       |       ||   189
       Hand axe          |       |   219 |   766 |   731 ||  1716
Invok: Minor Destruction |       |       |       |     3 ||     3
 Abil: Heal Wounds       |       |       |     3 |     8 ||    11
Evoke: Wand              |       |       |     2 |       ||     2
  Use: Scroll            |       |       |    13 |     2 ||    15
       Potion            |       |       |    14 |    11 ||    25
 Stab: Invisible         |       |       |     1 |    14 ||    15
Armor: Scale mail        |   101 |   112 |   256 |   135 ||   604
       Troll leather arm |       |       |       |     5 ||     5
Dodge: Dodged            |    59 |    70 |   245 |   247 ||   621
Block: Kite shield       |   103 |   103 |   404 |   472 ||  1082

Table legend: (Time is in decaauts)
 A = Elapsed time spent in this place.
 B = Non-inter-level travel time spent in this place.
 C = Inter-level travel time spent in this place.
 D = Time resting spent in this place.
 E = Time spent auto-exploring this place.
 F = Levels seen in this place.
 G = Mean time per level.
                   A        B        C        D        E       F      G
               +--------+--------+--------+--------+--------+-----+--------+
         Total |  12310 |   9813 |   2497 |      0 |   6026 |  16 |  769.4 |
       Dungeon |  10472 |   8418 |   2054 |      0 |   5471 |  11 |  952.0 |
        Temple |    331 |     23 |    308 |      0 |      0 |   1 |  331.0 |
  Orcish Mines |    585 |    450 |    135 |      0 |    154 |   2 |  292.5 |
         Sewer |    421 |    421 |      0 |      0 |    256 |   1 |  421.0 |
       Ossuary |    500 |    500 |      0 |      0 |    144 |   1 |  500.0 |
               +--------+--------+--------+--------+--------+-----+--------+

Top non-repeatable levels by time:
     D:7: 1176 daAuts
     D:9: 1174 daAuts
     D:3: 1133 daAuts
    D:10: 1091 daAuts
     D:6: 1050 daAuts
    D:11: 1050 daAuts
     D:1: 851 daAuts
     D:2: 843 daAuts
     D:8: 812 daAuts
     D:5: 726 daAuts
     D:4: 562 daAuts
   Orc:2: 517 daAuts
 Ossuary: 500 daAuts
   Sewer: 421 daAuts
  Temple: 331 daAuts
